 Dungeon Crawl Stone Soup version 0.21.1-1-g345015f (webtiles) character file.

636 Flooderbenga the Grave Robber (level 7, -9/51 HPs)
             Began as a Gnoll Necromancer on Apr 10, 2018.
             Was an Initiate of Cheibriados.
             Killed from afar by Serooblart's ghost (23 damage)
             ... with a fireball
             ... on level 7 of the Dungeon.
             The game lasted 00:46:36 (1860 turns).

Flooderbenga the Grave Robber (Gnoll Necromancer)   Turns: 1860, Time: 00:46:37

Health: -9/51      AC:  3    Str: 11    XL:     7   Next: 50%
Magic:  0/15       EV: 16    Int: 20    God:    Cheibriados [......]
Gold:   238        SH:  0    Dex: 21    Spells: 7/17 levels left

rFire    + . .     SeeInvis .   A - +1 morningstar "Eqyucofyag" {freeze, Dex+4}
rCold    . . .     Gourm    +   (no shield)
rNeg     . . .     Faith    .   z - +0 robe
rPois    +         Spirit   .   (no helmet)
rElec    .         Reflect  .   l - +0 cloak
rCorr    .         Harm     .   (no gloves)
MR       .....     Rnd*Rage +   (no boots)
Stlth    +++.......             s - amulet of the gourmand
HPRegen  0.17/turn              o - ring of poison resistance
MPRegen  0.14/turn              p - ring of fire

@: very slightly contaminated, very slow
A: distributed training, fangs 1, berserk 1, cold resistance 1, strong nose
a: Bend Time, Renounce Religion


You were on level 7 of the Dungeon.
You worshipped Cheibriados.
Cheibriados was noncommittal.
You were near starving.

You visited 2 branches of the dungeon, and saw 9 of its levels.

You collected 238 gold pieces.

Inventory:

Hand Weapons
 d - a +2 antimagic spear
 j - a +3 flail of protection
 u - a +0 dagger
 y - a +0 spear
 A - the +1 morningstar "Eqyucofyag" (weapon) {freeze, Dex+4}
   (You found it on level 7 of the Dungeon)

   It has been specially enchanted to freeze those struck by it, causing extra
   injury to most foes and up to half again as much damage against particularly
   susceptible opponents.
   It can also slow down cold-blooded creatures.
   It affects your dexterity (+4).
Missiles
 v - 15 stones (quivered)
 x - 13 arrows
Armour
 e - a +0 ring mail
 l - a +0 cloak (worn)
 n - a +0 shield
 z - a +0 robe (worn)
Jewellery
 o - a ring of poison resistance (left hand)
 p - a ring of fire (right hand)
 s - an amulet of the gourmand (around neck)
Wands
 f - a wand of flame (17)
 C - a wand of acid (8)
Scrolls
 a - a scroll of immolation
 g - 2 scrolls of remove curse {@r2}
 r - a scroll of identify {@r1}
 B - a scroll of fear {unknown}
Potions
 h - a potion of haste {unknown}
 i - a potion of degeneration {unknown}
 k - 2 potions of invisibility
 q - 3 potions of curing {@q1}
 t - a potion of berserk rage
 w - 2 potions of mutation
Books
 b - a book of Necromancy

   Spells                             Type                      Level
   a - Pain                           Necromancy                   1
   b - Animate Skeleton               Necromancy                   1
   c - Vampiric Draining              Necromancy                   3
   d - Regeneration                   Charms/Necromancy            3
   e - Animate Dead                   Necromancy                   4
   f - Borgnjor's Vile Clutch         Necromancy/Earth             5
Comestibles
 c - 10 rations


   Skills:
 + Level 2.5 Fighting
 + Level 2.5 Short Blades
 + Level 2.5 Long Blades
 + Level 2.5 Axes
 + Level 2.5 Maces & Flails
 + Level 2.5 Polearms
 + Level 2.5 Staves
 + Level 2.5 Slings
 + Level 2.5 Bows
 + Level 2.5 Crossbows
 + Level 2.5 Throwing
 + Level 2.5 Armour
 + Level 5.2 Dodging
 + Level 4.9 Stealth
 + Level 2.5 Shields
 + Level 2.5 Unarmed Combat
 + Level 5.6 Spellcasting
 + Level 2.0 Conjurations
 + Level 2.0 Hexes
 + Level 2.0 Charms
 + Level 2.0 Summonings
 + Level 7.4 Necromancy
 + Level 2.0 Translocations
 + Level 2.0 Transmutations
 + Level 2.0 Fire Magic
 + Level 2.0 Ice Magic
 + Level 2.0 Air Magic
 + Level 2.0 Earth Magic
 + Level 2.0 Poison Magic
 + Level 2.7 Invocations
 + Level 2.5 Evocations


You had 7 spell levels left.
You knew the following spells:

 Your Spells              Type           Power        Failure   Level  Hunger
a - Pain                  Necr           ####         1%          1    None
c - Borgnjor's Vile Clut  Necr/Erth      ###.......   38%         5    #####..
r - Regeneration          Chrm/Necr      ###.......   4%          3    ##.....
z - Animate Skeleton      Necr           N/A          1%          1    None


Dungeon Overview and Level Annotations

Branches:
Dungeon (8/15)             Temple (1/1) D:6
   Lair: D:8-11

Altars:
Ashenzari
Cheibriados
Gozag
Kikubaaqudgha
Makhleb
Nemelex Xobeh
Trog
Uskayaw
Vehumet
Wu Jian
Xom
Yredelemnul
Zin
The Shining One

Annotations:
D:3 Sigmund
D:7 Serooblart's ghost, novice DEFE
D:8 Maurice


Innate Abilities, Weirdness & Mutations

Your experience applies equally to all skills.
You have very sharp teeth.
Your uncanny sense of smell can sniff out nearby items.
You tend to lose your temper in combat.
Your flesh is cold resistant. (rC+)


Message History

Here: Serooblart's ghost, wielding a weapon of protection (hasn't noticed you)
The floor.
Unknown command.
Aim: a worker ant (heavily wounded, chance to defeat MR: 89%)
The worker ant writhes in agony!
Something unseen opens the door.
You take 1 damage, and have 14/51 hp.
You now have 1/15 mp.
Aim: a worker ant (almost dead, chance to defeat MR: 89%)
The worker ant barely resists.
You take 1 damage, and have 13/51 hp.
You now have 0/15 mp.
Aim: a gnoll (lightly wounded)
The puff of flame hits the worker ant.
The worker ant appears unharmed.
Serooblart's ghost turns its malevolent gaze towards you.
Aim: a gnoll (lightly wounded)
The puff of flame hits the worker ant.
You kill the worker ant!
Cheibriados appreciates the change of pace.
You are near starving!
Serooblart's ghost casts a spell at you.
The fireball explodes!
The fireball engulfs you! You resist.
You die...

#.#.#'....<....#
#%#.#.#......##.# #.#.#.#.......#
.# #.#.#.#.#..W...# .#
.#.#.#.#.......# .#
#.#.#.#.#......##.#
.#.#.#.#.5...g..#.#
#.#.#.#.#.#####.#.# 5#.#.#.#.#.#
#.@.# .Z. #g#.#.#+#.## ##..# ...
.. ...# ...g.....#.# #..# ...
...... #).a......######..# ...
....### ..!......#........# #.#
#.#.#.. #.....)..#######..# #.#
#.#.#.# #........##......># #.#
#...#.# #........##.......#+#.###
#.#....
#........##/............###.....#


You could see Serooblart's ghost and a gnoll.

Vanquished Creatures
  A sky beast (D:6)
  A gnoll sergeant (D:7)
  A scorpion (D:4)
  A water moccasin skeleton (D:4)
  A howler monkey (D:6)
  An orc priest (D:3)
  An orc wizard (D:6)
  A centaur skeleton (D:4)
  A hound (D:4)
  2 iguanas
  Terence (D:3)
  A worker ant (D:7)
  2 gnolls
  3 adders
  An ooze (D:3)
  An adder zombie (D:4)
  An adder skeleton (D:4)
  2 dart slugs
  A leopard gecko (D:3)
  7 orcs
  A bat (D:1)
  3 giant cockroaches
  7 goblins
  5 hobgoblins
  6 jackals
  4 kobolds
  2 quokkas
  2 frilled lizards (D:2)
  A jackal skeleton (D:4)
  A jackal zombie (D:4)
  A quokka zombie (D:4)
  4 rats
68 creatures vanquished.

Notes
Turn   | Place    | Note
-------+----------+-------------------------------------------
     0 | D:1      | Flooderbenga the Gnoll Necromancer began the quest for the Orb.
     0 | D:1      | Reached XP level 1. HP: 13/13 MP: 6/6
   193 | D:1      | Reached XP level 2. HP: 9/19 MP: 4/7
   196 | D:1      | Learned a level 1 spell: Animate Skeleton
   461 | D:1      | Reached XP level 3. HP: 19/25 MP: 6/9
   467 | D:1      | Reached skill level 5 in Spellcasting
   474 | D:2      | Learned a level 3 spell: Regeneration
   773 | D:3      | Reached skill level 1 in Fighting
   773 | D:3      | Reached skill level 1 in Short Blades
   773 | D:3      | Reached skill level 1 in Long Blades
   773 | D:3      | Reached skill level 1 in Axes
   773 | D:3      | Reached skill level 1 in Maces & Flails
   773 | D:3      | Reached skill level 1 in Polearms
   773 | D:3      | Reached skill level 1 in Staves
   773 | D:3      | Reached skill level 1 in Slings
   773 | D:3      | Reached skill level 1 in Bows
   773 | D:3      | Reached skill level 1 in Crossbows
   773 | D:3      | Reached skill level 1 in Throwing
   773 | D:3      | Reached skill level 1 in Armour
   773 | D:3      | Reached skill level 1 in Shields
   773 | D:3      | Reached skill level 1 in Unarmed Combat
   773 | D:3      | Reached skill level 1 in Invocations
   773 | D:3      | Reached skill level 1 in Evocations
   773 | D:3      | Reached XP level 4. HP: 21/32 MP: 0/11
   843 | D:3      | Noticed Sigmund
   876 | D:3      | Noticed Terence
   882 | D:3      | Killed Terence
   882 | D:3      | Reached skill level 1 in Conjurations
   882 | D:3      | Reached skill level 1 in Hexes
   882 | D:3      | Reached skill level 1 in Charms
   882 | D:3      | Reached skill level 1 in Summonings
   882 | D:3      | Reached skill level 1 in Translocations
   882 | D:3      | Reached skill level 1 in Transmutations
   882 | D:3      | Reached skill level 1 in Fire Magic
   882 | D:3      | Reached skill level 1 in Ice Magic
   882 | D:3      | Reached skill level 1 in Air Magic
   882 | D:3      | Reached skill level 1 in Earth Magic
   882 | D:3      | Reached skill level 1 in Poison Magic
   947 | D:3      | Noticed an orc warrior
   997 | D:2      | Reached XP level 5. HP: 15/37 MP: 4/12
  1007 | D:2      | Learned a level 5 spell: Borgnjor's Vile Clutch
  1294 | D:4      | Reached XP level 6. HP: 23/44 MP: 13/13
  1341 | D:5      | Entered Level 5 of the Dungeon
  1395 | D:4      | Reached skill level 5 in Dodging
  1546 | D:6      | Found a sparkling altar of Nemelex Xobeh.
  1551 | D:6      | Noticed a sky beast
  1554 | D:6      | Killed a sky beast
  1554 | D:6      | Reached XP level 7. HP: 34/50 MP: 3/15
  1570 | D:6      | Found a staircase to the Ecumenical Temple.
  1579 | Temple   | Entered the Ecumenical Temple
  1588 | Temple   | Became a worshipper of Cheibriados the Contemplative
  1682 | D:6      | You fall through a shaft!
  1715 | D:7      | Got a fine morningstar
  1716 | D:7      | Identified the cursed +1 morningstar "Eqyucofyag" {freeze, Dex+4} (You found it on level 7 of the Dungeon)
  1822 | D:8      | Noticed Maurice
  1849 | D:7      | Gained mutation: You are occasionally teleported next to monsters. [potion of mutation]
  1849 | D:7      | Lost mutation: You are occasionally teleported next to monsters. [potion of mutation]
  1849 | D:7      | Gained mutation: You tend to lose your temper in combat. [potion of mutation]
  1849 | D:7      | Gained mutation: Your flesh is cold resistant. (rC+) [potion of mutation]
  1851 | D:7      | Noticed Serooblart's ghost (novice DEFE)
  1860 | D:7      | Killed from afar by Serooblart's ghost

Skill      XL: |  1  2  3  4  5  6  7 |
---------------+----------------------+-----
Spellcasting   | 5 |  5.6
Fighting       | 1 2 |  2.5
Short Blades   | 1 2 |  2.5
Long Blades    | 1 2 |  2.5
Axes           | 1 2 |  2.5
Maces & Flails | 1 2 |  2.5
Polearms       | 1 2 |  2.5
Staves         | 1 2 |  2.5
Slings         | 1 2 |  2.5
Bows           | 1 2 |  2.5
Crossbows      | 1 2 |  2.5
Throwing       | 1 2 |  2.5
Armour         | 1 2 |  2.5
Shields        | 1 2 |  2.5
Unarmed Combat | 1 2 |  2.5
Invocations    | 1 2 |  2.7
Evocations     | 1 2 |  2.5
Conjurations   | 1 2 |  2.0
Hexes          | 1 2 |  2.0
Charms         | 1 2 |  2.0
Summonings     | 1 2 |  2.0
Translocations | 1 2 |  2.0
Transmutations | 1 2 |  2.0
Fire Magic     | 1 2 |  2.0
Ice Magic      | 1 2 |  2.0
Air Magic      | 1 2 |  2.0
Earth Magic    | 1 2 |  2.0
Poison Magic   | 1 2 |  2.0
Dodging        | 5 |  5.2
Stealth        | |  4.9
Necromancy     | |  7.4

Action                   |  1- 3 |  4- 6 |  7- 9 || total
-------------------------+-------+-------+-------++-------
Melee: Flail             |     4 |    38 |     3 ||    45
       Bite              |       |     4 |       ||     4
       Dagger            |       |     2 |       ||     2
       Punch             |       |     1 |       ||     1
Throw: Stone             |       |     2 |       ||     2
 Cast: Pain              |    43 |    64 |    14 ||   121
       Animate Skeleton  |     3 |     4 |     1 ||     8
       Regeneration      |     1 |     2 |       ||     3
       Borgnjor's Vile C |       |     1 |     2 ||     3
Evoke: Wand              |       |       |     7 ||     7
  Use: Scroll            |       |     9 |     2 ||    11
       Potion            |       |       |     1 ||     1
 Stab: Sleeping          |       |     2 |       ||     2
  Eat: Chunk             |       |     2 |     1 ||     3
Armor: Ring mail         |     4 |     2 |       ||     6
       Skin              |       |     8 |       ||     8
       Robe              |       |     2 |     3 ||     5
Dodge: Dodged            |    15 |    27 |     7 ||    49
